 Dungeon Crawl Stone Soup version 0.27-a0-681-g0c81a3c1c3 (webtiles) character file.

Game seed: 9446930239822950736

9 Lanoc the Skirmisher (level 2, -5/24 HPs)
             Began as a Human Abyssal Knight on Mar 19, 2021.
             Was a Follower of Lugonu.
             Shot with an arrow by a centaur (17 damage)
             ... on level 2 of the Dungeon.
             The game lasted 00:01:01 (689 turns).

Lanoc the Skirmisher (Human Abyssal Knight)          Turns: 689, Time: 00:01:02

Health: -5/24      AC:  3    Str: 12    XL:     2   Next: 20%
Magic:  3/3        EV: 11    Int: 12    God:    Lugonu [*.....]
Gold:   21         SH:  0    Dex: 12    Spells: 1/1 levels left

rFire    . . .     SeeInvis .   a - +1 spear
rCold    . . .     Faith    .   (no shield)
rNeg     . . .     Spirit   .   b - +0 leather armour
rPois    .         Reflect  .   (no helmet)
rElec    .         Harm     .   (no cloak)
rCorr    .         Rampage  .   (no gloves)
Will     .....                  (no boots)
Stlth    +.........             (no amulet)
HPRegen  0.08/turn              (no ring)
MPRegen  0.08/turn              (no ring)

@: no status effects
A: no striking features
a: Renounce Religion, Depart the Abyss


You were on level 2 of the Dungeon.
You worshipped Lugonu.
Lugonu was aware of your devotion.
You visited 1 branch of the dungeon, and saw 2 of its levels.
You visited the Abyss 1 time.

You collected 21 gold pieces.

Inventory:

Hand Weapons
 a - a +1 spear (weapon)
Missiles
 d - 4 curare-tipped darts (quivered)
 e - 11 sling bullets
Armour
 b - a +0 leather armour (worn)
Scrolls
 c - a scroll of enchant armour {unknown}
Potions
 f - a potion of heal wounds {unknown}


   Skills:
 + Level 3.0 Fighting
 * Level 2.3 Polearms
 + Level 2.1 Armour
 + Level 1.1 Dodging
 + Level 2.1 Invocations


You had one spell level left.
You didn't know any spells.
Your spell library was empty.

Dungeon Overview and Level Annotations

Branches:
Dungeon (2/15)

Altars:


Message History

The bat hits you but does no damage.
You climb upwards.
There is a stone staircase leading down here.
You start resting.
HP restored.
You climb downwards.
The bat barely misses you. The bat hits you but does no damage.
There is a stone staircase leading up here.
You completely miss the bat. The bat hits you but does no damage.
You hit the bat.
You kill the bat!
Lugonu accepts your kill.
You have reached level 2!
You barely miss the dart slug. You hit the dart slug but do no damage.
The dart slug launches a dart at you. The slug dart hits you.
You hit the dart slug.
The dart slug is heavily wounded.
The dart slug bites you.
You hit the dart slug.
The dart slug is almost dead.
You hit the dart slug.
You kill the dart slug!
Lugonu accepts your kill.
No target in view!
HP restored.
An orc and a centaur come into view.
The centaur shouts!
The centaur wields a +0 shortbow.
The centaur shoots an arrow.
The arrow hits you!
Ouch! That really hurt!
You see here 21 sling bullets.
You are too injured to fight recklessly!
The centaur shoots an arrow.
The arrow barely misses you.
The orc shouts!
There is a stone staircase leading up here.
The centaur shoots an arrow.
The arrow hits you!
Ouch! That really hurt!
You die...

#
..#####+##
....$....#
..?....@.#
.........#
.........#
.......(.#
..........#
#######...#
#c..# o....
......


You could see a centaur and an orc.

Vanquished Creatures
  A dart slug (D:2)
  A goblin (D:1)
  2 hobgoblins (D:1)
  A bat (D:2)
  A kobold (D:1)
  A rat (D:1)
7 creatures vanquished.

Notes
Turn   | Place    | Note
-------+----------+-------------------------------------------
     0 | Abyss:1  | Lanoc the Human Abyssal Knight began the quest for the Orb.
     0 | Abyss:1  | Reached XP level 1. HP: 18/18 MP: 2/2
   105 | Abyss:1  | Noticed a large abomination
   151 | Abyss:1  | Noticed a starcursed mass
   151 | Abyss:1  | Noticed a small abomination
   153 | D:1      | Escaped the Abyss
   422 | D:1      | Reached * piety under Lugonu
   638 | D:2      | Reached XP level 2. HP: 24/24 MP: 3/3
   685 | D:2      | Noticed a centaur
   689 | D:2      | Shot with an arrow by a centaur

Illustrated notes

Levels and vault maps discovered:
D:1:      evilmike_arrival_rings, layout_loops_corners, serial_park_tiny_pond
D:2:      layout_basic, nicolae_yredelemnul_corpse_copse,
          chequers_serial_rivers_room_a, serial_bayou_lagoon_a, tso_metal_star

Action                   || total
-------------------------++-------
Melee: Spear             ||    26
Invok: Depart the Abyss  ||     1
Armor: Leather armour    ||     6
Dodge: Dodged            ||    10

Table legend: (Time is in decaauts)
 A = Elapsed time spent in this place.
 B = Non-inter-level travel time spent in this place.
 C = Inter-level travel time spent in this place.
 D = Time resting spent in this place.
 E = Time spent auto-exploring this place.
 F = Levels seen in this place.
 G = Mean time per level.
                   A        B        C        D        E       F      G
               +--------+--------+--------+--------+--------+-----+--------+
         Total |    689 |    682 |      7 |    193 |    384 |   3 |  229.7 |
       Dungeon |    536 |    529 |      7 |    193 |    282 |   2 |  268.0 |
         Abyss |    153 |    153 |      0 |      0 |    102 |   1 |  153.0 |
               +--------+--------+--------+--------+--------+-----+--------+

Top non-repeatable levels by time:
     D:1: 473 daAuts
 Abyss:1: 153 daAuts
     D:2: 63 daAuts
